 Dungeon Crawl Stone Soup version 0.31-a0-662-g684573625c (webtiles) character file.

Game seed: 3843899185645835122

2572 Dirtsage the Mimic (level 9, -14/53 HPs)
             Began as an Octopode Shapeshifter on Sept 1, 2023.
             Was a Follower of the Shining One.
             Killed from afar by a juvenile shockfire beast (41 damage)
             ... with a blast of flame
             ... on level 7 of the Dungeon.
             The game lasted 00:11:46 (6144 turns).

Dirtsage the Mimic (Octopode Shapeshifter)          Turns: 6144, Time: 00:11:46

Health: -14/53     AC:  1    Str: 15    XL:     9   Next: 57%
Magic:  0/12       EV: 13    Int: 14    God:    the Shining One [*.....]
Gold:   217        SH:  0    Dex: 12    Spells: 8/8 levels left

rFire   . .          .
                       - Unarmed
rCold   . . .        (shield currently unavailable)
rNeg    . . .        (helmet restricted)
rPois   .            i - amulet of guardian spirit
rElec   .            (no ring)
rCorr   .            (no ring)
SInv    .            (no ring)
Will    .....        (no ring)
Stlth   +            (no ring)
HPRegen 0.28/turn    (no ring)
MPRegen 0.13/turn    (no ring)
                     (no ring)

%: guardian spirit
@: flux-form, glowing
A: glow, contaminating, almost no armour, amphibious, 8 rings, camouflage 1,
gelatinous body 1, (nimble swimmer 1), tentacles
a: Begin Untransformation, Renounce Religion, Divine Shield


You were on level 7 of the Dungeon.
You worshipped the Shining One.
The Shining One was aware of your devotion.
You were something dangerously unstable.
You visited 2 branches of the dungeon, and saw 8 of its levels.

You collected 465 gold pieces.
You spent 248 gold pieces at shops.

Inventory:

Jewellery
 i - an amulet of guardian spirit (around mantle)
 x - an amulet of magic regeneration
Talismans
 b - a beast talisman
 c - a flux talisman (active)
 f - a beast talisman
Scrolls
 j - 3 scrolls of vulnerability
 m - a scroll of immolation
 o - 2 scrolls of amnesia
 p - a scroll of fog {unknown}
 r - 2 scrolls of poison
 t - a scroll of teleportation
 w - 2 scrolls of noise
 y - a scroll of enchant armour {unknown}
 B - 2 scrolls of blinking
Potions
 a - a potion of degeneration {unknown}
 d - 3 potions of mutation {unknown}
 e - 4 potions of invisibility {unknown}
 g - a potion of brilliance {unknown}
 h - a potion of might {unknown}
 k - a potion of haste {unknown}
 l - a potion of heal wounds
 n - 2 potions of ambrosia {unknown}
 q - 2 potions of curing
 s - a potion of cancellation {unknown}
 u - a potion of lignification
 v - a potion of enlightenment {unknown}


   Skills:
 - Level 1.0 Fighting
 - Level 2.0 Dodging
 + Level 7.4 Unarmed Combat
 - Level 5.2 Invocations
 * Level 9.3 Shapeshifting


You had 8 spell levels left.
You didn't know any spells.
Your spell library contained the following spells:

 Spells                   Type           Power      Damage    Failure   Level
 Shock                    Conj/Air       0%         1d3       28%         1
 Blink                    Tloc           0%         N/A       41%         2
 Ensorcelled Hibernation  Hex/Ice        0%         N/A       41%         2
 Lesser Beckoning         Tloc           0%         N/A       41%         2
 Momentum Strike          Conj/Tloc      0%         3d8       41%         2
 Swiftness                Air            0%         N/A       65%         3
 Airstrike                Air            0%         2d(0-16)  96%         4
 Anguish                  Hex/Necr       0%         N/A       96%         4


Dungeon Overview and Level Annotations

Branches:
Dungeon (7/15)             Temple (1/1) D:4

Altars:
Ashenzari
Cheibriados
Elyvilon
Fedhas
Gozag
Hepliaklqana
Kikubaaqudgha
Makhleb
Okawaru
Qazlal
Ru
Sif Muna
Trog
Uskayaw
Vehumet
Wu Jian
Xom
Yredelemnul
Zin
The Shining One

Shops:
D:2 *   D:5 [?   D:6 ?

Annotations:
D:5 1 runed translucent door


Innate Abilities, Weirdness & Mutations

You are something dangerously unstable.
You glow with magical radiation, making you easy to see and hit.
Foes you strike become dangerously contaminated with magical radiation.
You are incapable of wielding weapons or throwing items.
You cannot wear most types of armour.
You are amphibious.
You can wear up to eight rings at the same time.
Your skin changes colour to match your surroundings (Stealth+).
Your rubbery body absorbs attacks. (AC +1, EV +1)
((You are camouflaged when in or above water. (Stealth+)))
You have tentacles for arms and can constrict up to eight enemies at once.


Message History

You constrict the orc. You tentacle-slap the orc.
You kill the orc!
You tentacle-slap the white imp but do no damage.
The white imp begins to glow.
You grab the white imp. You constrict the white imp.
The white imp gestures at you. The puff of frost misses you.
The gnoll bouda barks out a call to the hunt!
You hear a shout!
You tentacle-slap the white imp.
The white imp glows dangerously bright.
You squeeze the white imp.
The white imp is moderately wounded.
You constrict the white imp.
You hear an angry hiss.
The white imp hits you. The white imp freezes you.
* * * LOW HITPOINT WARNING * * *
The gnoll bouda gazes fiercely through you!
You feel as though you will be weak longer.
You take 5 damage, and have 12/53 hp.
You now have 2/12 mp.
You tentacle-slap the white imp.
The white imp shudders as magic cascades through it!!
You kill the white imp!
The Shining One accepts your kill.
Your surroundings suddenly seem different.
Your attacks no longer feel as feeble.
Found a stone staircase leading down.
You start resting.
Your divine shield fades away.
You regained 4 hp, and now have 20/53 hp.
You regained 2 mp, and now have 6/12 mp.
You start resting.
A juvenile shockfire beast is nearby!
You regained 7 hp, and now have 27/53 hp.
You regained 3 mp, and now have 9/12 mp.
The juvenile shockfire beast bleats!
The juvenile shockfire beast breathes flames at you.
The blast of flame hits you!!!
Ouch! That really hurt!
You die...

. #. .. ... .####.#
....###### ......#
#......########......#
#[................#
#......###.#####.......#
...#### #.#####.......#
. #####.##..........#
..>.H..B.####.....#
.####.#### ###... #.# ..
#.# .


You could see a juvenile shockfire beast (catching breath).

Vanquished Creatures
  Sigmund (D:5)
  The ghost of Tombo the Chopper, an amateur HOFi (D:3)
  Menkaure (D:5)
  A water moccasin (D:6)
  2 orc warriors (D:7)
  A black bear (D:5)
  3 sky beasts
  A phantom (D:5)
  A kobold brigand (D:6)
  A bullfrog (D:5)
  7 scorpions
  6 killer bees (D:7)
  3 howler monkeys (D:7)
  2 hounds
  4 orc priests (D:5)
  2 iguanas
  Natasha (thrice) (D:2)
  6 adders
  2 shadow imps
  A white imp (D:7)
  An ufetubus (D:7)
  A worm (D:2)
  25 orcs
  5 bats
  3 endoplasms
  A giant cockroach (D:3)
  6 hobgoblins
  4 jackals (D:1)
  13 kobolds
  5 quokkas
  5 ball pythons
  4 frilled lizards
  3 goblins (D:1)
  A jackal zombie (D:5)
  A kobold skeleton (D:5)
  7 rats
  A butterfly (D:5)
135 creatures vanquished.

Notes
Turn   | Place    | Note
-------+----------+-------------------------------------------
     0 | D:1      | Dirtsage the Octopode Shapeshifter began the quest for the
                  | Orb.
     0 | D:1      | Reached XP level 1. HP: 13/13 MP: 1/1
   153 | D:1      | Reached XP level 2. HP: 14/18 MP: 2/2
   428 | D:1      | Reached XP level 3. HP: 22/23 MP: 3/3
   828 | D:2      | Reached skill level 4 in Shapeshifting
   836 | D:2      | Noticed Natasha
   842 | D:2      | Killed Natasha
   843 | D:2      | Reached XP level 4. HP: 23/28 MP: 4/4
   845 | D:2      | Noticed Natasha
   852 | D:2      | Killed Natasha
  1011 | D:2      | Noticed Natasha
  1014 | D:2      | Killed Natasha
  1015 | D:2      | Reached XP level 5. HP: 33/33 MP: 5/5
  1132 | D:2      | Found a faded altar of an unknown god.
  1269 | D:2      | Found Naphoq's General Store.
  1303 | D:2      | Bought 2 potions of curing for 72 gold pieces
  1628 | D:3      | Found an ancient bone altar of Kikubaaqudgha.
  1628 | D:3      | Found a shimmering blue altar of Sif Muna.
  1633 | D:3      | Found a stormy altar of Qazlal.
  1634 | D:3      | Found an opulent altar of Gozag.
  1637 | D:3      | Found a snail-covered altar of Cheibriados.
  1637 | D:3      | Found a burning altar of Makhleb.
  1642 | D:3      | Found a radiant altar of Vehumet.
  1644 | D:3      | Found a hazy altar of Hepliaklqana.
  1907 | D:3      | Found a large runed translucent door.
  1907 | D:3      | Found a large runed translucent door.
  1910 | D:3      | Noticed Tombo's ghost (amateur HOFi)
  1937 | D:3      | Killed Tombo's ghost
  1938 | D:3      | Reached skill level 5 in Shapeshifting
  1938 | D:3      | Reached XP level 6. HP: 38/38 MP: 6/6
  2134 | D:3      | Found an iron altar of Okawaru.
  2340 | D:4      | Found a staircase to the Ecumenical Temple.
  2377 | Temple   | Entered the Ecumenical Temple
  2387 | Temple   | Became a worshipper of the Shining One
  2477 | D:4      | Identified the +7 short sword of Wondrous Power {pain,
                  | Dex+2}
  2521 | D:4      | Reached skill level 5 in Unarmed Combat
  2521 | D:4      | Reached skill level 6 in Shapeshifting
  2553 | D:4      | Reached XP level 7. HP: 43/43 MP: 7/7
  2679 | D:4      | Reached skill level 1 in Invocations
  2876 | D:5      | Entered Level 5 of the Dungeon
  3027 | D:5      | Noticed Sigmund
  3032 | D:5      | Killed Sigmund
  3033 | D:5      | Reached skill level 7 in Shapeshifting
  3033 | D:5      | Reached XP level 8. HP: 35/48 MP: 9/9
  3466 | D:5      | Found a runed translucent door.
  3622 | D:5      | Found a basalt altar of Yredelemnul.
  3720 | D:5      | Found a shimmering altar of Xom.
  3720 | D:5      | Found Paihanish's Armour Boutique.
  3796 | D:5      | Found Zisiuq's Magic Scroll Shoppe.
  3799 | D:5      | Bought a scroll of teleportation for 36 gold pieces
  3799 | D:5      | Bought a scroll of blinking for 90 gold pieces
  3799 | D:5      | Bought a scroll of identify for 24 gold pieces
  3979 | D:5      | Reached * piety under the Shining One
  4258 | D:5      | Noticed Menkaure
  4266 | D:5      | Killed Menkaure
  4267 | D:5      | Reached skill level 8 in Shapeshifting
  4512 | D:6      | Found Fito's Magic Scroll Boutique.
  4525 | D:6      | Bought a scroll of identify for 26 gold pieces
  4539 | D:6      | Reached XP level 9. HP: 20/53 MP: 12/12
  5762 | D:7      | Found a blossoming altar of Fedhas.
  5793 | D:7      | Reached skill level 5 in Invocations
  5961 | D:7      | Reached skill level 9 in Shapeshifting
  6071 | D:7      | Noticed a juvenile shockfire beast
  6144 | D:7      | Killed from afar by a juvenile shockfire beast

Illustrated notes

Levels and vault maps discovered:
D:1:      dpeg_arrival_pits, layout_basic, minmay_distorted
D:2:      layout_basic, serial_shops, nicolae_shop_back_alley_shop,
          shapermc_ecumenical_altar_starsandcircs, uniq_natasha
D:3:      layout_basic, nicolae_overflow_hallway_of_the_gods,
          mainiacjoe_overflow_alcove_2, ebering_ghost_disaster_area
D:4:      layout_rooms, minmay_temple_entry_mist
D:5:      layout_loops_corners, xom_butterflies, dk_yredelemnul_ordeal,
          serial_shops, kennysheep_mini, shop, uniq_sigmund, uniq_menkaure
D:6:      layout_basic, serial_shops, shop_scrolls, reono_crystal_passage
D:7:      layout_rooms, fedhas_ov_isle_minmay, nicolae_beast_mode
Temple:   nicolae_temple_godpark

Skill      XL: |  1  2  3  4  5  6  7  8  9 |
---------------+----------------------------+-----
Shapeshifting  | 4 5 6 7 8 9 |  9.3
Unarmed Combat | 4 5 6 7 |  7.4
Invocations    | 2 4 5 |  5.2
Fighting       | |  1.0
Dodging        | |  2.0

Action                     |  1- 3 |  4- 6 |  7- 9 || total
---------------------------+-------+-------+-------++-------
  Melee: Unarmed           |    59 |    56 |   217 ||   332
         Constrict         |    14 |    11 |    53 ||    78
         Tentacles         |    12 |    11 |    49 ||    72
         Punch             |     1 |       |     3 ||     4
 Invoke: Divine Shield     |       |       |     2 ||     2
    Use: Potion            |       |     1 |     3 ||     4
         Scroll            |       |       |     9 ||     9
   Stab: Sleeping          |     6 |     3 |       ||     9
 Armour: Skin              |    24 |    25 |   124 ||   173
  Dodge: Dodged            |    28 |    38 |   109 ||   175
  Block: Other             |       |       |     8 ||     8
   Form: Flux              |       |       |     1 ||     1

Table legend: (Time is in decaauts)
 A = Elapsed time spent in this place.
 B = Non-inter-level travel time spent in this place.
 C = Inter-level travel time spent in this place.
 D = Time resting spent in this place.
 E = Time spent auto-exploring this place.
 F = Levels seen in this place.
 G = Mean time per level.
                   A        B        C        D        E       F      G
               +--------+--------+--------+--------+--------+-----+--------+
         Total |   6109 |   5963 |    146 |    759 |   4309 |   8 |  763.6 |
       Dungeon |   6089 |   5961 |    128 |    759 |   4309 |   7 |  869.9 |
        Temple |     20 |      2 |     18 |      0 |      0 |   1 |   20.0 |
               +--------+--------+--------+--------+--------+-----+--------+

Top non-repeatable levels by time:
     D:5: 1433 daAuts
     D:6: 1088 daAuts
     D:3: 993 daAuts
     D:2: 719 daAuts
     D:7: 690 daAuts
     D:1: 614 daAuts
     D:4: 550 daAuts
  Temple: 20 daAuts
